 Dungeon Crawl Stone Soup version 0.31-a0-746-ge8284cb111 (webtiles) character file.

Game seed: 8366400914218352626

7 yuribazuur the Trooper (level 1, 0/19 HPs)
             Began as a Draconian Fighter on Sept 14, 2023.
             Succumbed to a goblin's poison
             ... on level 1 of the Dungeon.
             The game lasted 00:00:44 (112 turns).

yuribazuur the Trooper (Draconian Fighter)           Turns: 112, Time: 00:00:45

Health: 0/19       AC:  4    Str: 18    XL:     1   Next: 91%
Magic:  1/1        EV: 12    Int:  8    God:
Gold:   0          SH:  4    Dex: 10    Spells: 0/0 levels left

rFire   . . .        a - +0 trident
rCold   . . .        b - +0 buckler
rNeg    . . .        (body armour unavailable)
rPois   .            (helmet restricted)
rElec   .            (no cloak)
rCorr   .            (no gloves)
SInv    .            (no boots)
Will    .....        (no amulet)
Stlth   +            (no ring)
HPRegen 0.23/turn    (no ring)
MPRegen 0.07/turn

%: no passive effects
@: lethally poisoned (0 -> -4)
A: AC +4, unfitting armour, cold-blooded
a: no special abilities


You were on level 1 of the Dungeon.
You visited 1 branch of the dungeon, and saw 1 of its levels.

Inventory:

Hand Weapons
 a - a +0 trident (weapon)
Armour
 b - a +0 buckler (worn)
Scrolls
 d - a scroll of fog {unknown}
Potions
 c - a potion of might


   Skills:
 * Level 3.4 Fighting
 * Level 2.0 Polearms
 * Level 2.8 Dodging
 * Level 3.1 Shields


You couldn't memorise any spells.
You didn't know any spells.
Your spell library was empty.

Dungeon Overview and Level Annotations

Branches:
Dungeon (1/15)

Altars:


Innate Abilities, Weirdness & Mutations

Your plain brown scales are hard. (AC +4)
You cannot fit into any form of body armour.
You are cold-blooded and may be slowed by cold attacks.


Message History

Found a ring mail.
You see here a ball python corpse.
A ball python comes into view.
A goblin and a frilled lizard come into view.
The goblin is wielding a +2 dagger of venom.
The goblin shouts!
The ball python hisses angrily.
The frilled lizard hisses angrily.
The goblin attacks as it pursues you!
The goblin hits you with a +2 dagger of venom.
You are poisoned.
You feel very sick.
You feel sick.
You closely miss the goblin.
You feel sick. The goblin misses you. x2
You hit the goblin but do no damage.
You feel sick.
The goblin hits you with a +2 dagger of venom.
You are lethally poisoned!
You are too injured to fight recklessly!
You are too injured to fight recklessly!
You are too injured to fight recklessly!
You are too injured to fight recklessly!
You are too injured to fight recklessly!
You puncture the goblin!
You kill the goblin!
* * * LOW HITPOINT WARNING * * *
You feel very sick.
A goblin comes into view. It is wielding a +0 dagger.
The ball python barely misses you. x2
The goblin shouts!
You hit the ball python but do no damage.
Your tail-slap misses the ball python.
* * * LOW HITPOINT WARNING * * *
You feel very sick.
The ball python bites you but does no damage.
The ball python misses you.
You hit the ball python. You tail-slap the ball python.
You kill the ball python!
* * * LOW HITPOINT WARNING * * *
You feel sick.
You closely miss the frilled lizard.
You die...

.............# ....
.............# #....
##...........# #..#
[............###..###.
##...........#........
###.............#
.........##.#.#
...........#.# .
.........##@# ..
.......††##l# ...
............# ....
............##.....
...........g...l...
#+##.......#####..
##.........#
##.......!# ##..[....#


You could see a goblin and a frilled lizard.

Vanquished Creatures
  2 goblins (D:1)
  A hobgoblin (D:1)
  3 ball pythons (D:1)
  A frilled lizard (D:1)
7 creatures vanquished.

Notes
Turn   | Place    | Note
-------+----------+-------------------------------------------
     0 | D:1      | yuribazuur the Draconian Fighter began the quest for the
                  | Orb.
     0 | D:1      | Reached XP level 1. HP: 19/19 MP: 1/1
   112 | D:1      | Succumbed to a goblin's poison

Illustrated notes

Levels and vault maps discovered:
D:1:      mrwooster_arrival_statue_3, layout_rooms,
          dreamdust_ecumenical_altar_statues, dk_noncrumbling_4, st_stairs_10

Action                     || total
---------------------------++-------
  Melee: Trident           ||    22
         Tailslap          ||     1
 Armour: Skin              ||     7
  Dodge: Dodged            ||    18
  Block: Buckler           ||     2

Table legend: (Time is in decaauts)
 A = Elapsed time spent in this place.
 B = Non-inter-level travel time spent in this place.
 C = Inter-level travel time spent in this place.
 D = Time resting spent in this place.
 E = Time spent auto-exploring this place.
 F = Levels seen in this place.
 G = Mean time per level.
                   A        B        C        D        E       F      G
               +--------+--------+--------+--------+--------+-----+--------+
         Total |    117 |    117 |      0 |      0 |     62 |   1 |  117.0 |
       Dungeon |    117 |    117 |      0 |      0 |     62 |   1 |  117.0 |
               +--------+--------+--------+--------+--------+-----+--------+

Top non-repeatable levels by time:
     D:1: 117 daAuts
